 Dungeon Crawl Stone Soup version 0.29.1-12-g30fa7ad0bf (webtiles) character file.

Game seed: 15745007475010667040

76 fantasyman the Shield-Bearer (level 4, 0/37 HPs)
             Began as a Formicid Fighter on Dec 20, 2022.
             Slain by Sigmund
             ... wielding a +0 scythe
              (8 damage)
             ... on level 2 of the Dungeon.
             The game lasted 00:02:03 (2375 turns).

fantasyman the Shield-Bearer (Formicid Fighter)     Turns: 2375, Time: 00:02:04

Health: 0/37       AC:  7    Str: 23    XL:     4   Next: 57%
Magic:  4/4        EV:  9    Int:  7    God:
Gold:   98         SH:  0    Dex: 13    Spells: 3/3 levels left

rFire   . . .      SeeInvis +   f - +0 mace
rCold   . . .      Faith    .   c - +0 buckler
rNeg    . . .      Spirit   .   b - +0 scale mail
rPois   .          Reflect  .   (helmet unavailable)
rElec   .          Harm     .   (no cloak)
rCorr   .          Rampage  .   (no gloves)
Will    .....                   (no boots)
Stlth   ..........              (no amulet)
HPRegen 0.12/turn               (no ring)
MPRegen 0.09/turn               (no ring)

@: confused
A: permanent stasis, dig shafts and tunnels, antennae 3, four strong arms
a: Dig, Shaft Self


You were on level 2 of the Dungeon.
You visited 1 branch of the dungeon, and saw 2 of its levels.

You collected 98 gold pieces.

Inventory:

Hand Weapons
 f - a +0 mace (weapon)
Armour
 b - a +0 scale mail (worn)
 c - a +0 buckler (worn)
Scrolls
 a - a scroll of vulnerability {unknown}
 e - 2 scrolls of identify
 g - a scroll of immolation
Potions
 d - a potion of ambrosia {unknown}
 l - 2 potions of degeneration


   Skills:
 * Level 4.0 Fighting
 - Level 2.0 Maces & Flails
 * Level 4.3 Armour
 * Level 4.9 Shields


You had 3 spell levels left.
You didn't know any spells.
Your spell library was empty.

Dungeon Overview and Level Annotations

Branches:
Dungeon (2/15)

Altars:

Annotations:
D:2 Sigmund


Innate Abilities, Weirdness & Mutations

You cannot be hasted, slowed, berserked, paralysed or teleported.
You can dig through walls and to a lower floor.
You have a pair of large antennae on your head. (SInv)
Your four strong arms can wield two-handed weapons with a shield.


Message History

There is a stone staircase leading down, spattered with blood here.
You see here a +0 club.
You climb downwards.
Level annotation: Sigmund
There is a stone staircase leading up, spattered with blood here.
Found 6 stones and 12 gold pieces.
Sigmund shouts!
Sigmund zaps a wand.
The bolt of dispelling energy hits you!
A goblin comes into view. It is wielding a +0 club.
Sigmund gestures at you while chanting. The puff of flame hits you!
The goblin shouts!
The goblin unwields a +0 club.
The goblin wields a +0 sling.
The goblin shoots a sling bullet.
The sling bullet hits you but does no damage.
Sigmund casts a spell at you. The magic dart hits you.
You hit Sigmund.
Sigmund is lightly wounded.
Sigmund misses you.
You closely miss Sigmund.
Sigmund is lightly wounded.
The goblin shoots a sling bullet.
The sling bullet completely misses you.
The sling bullet misses Sigmund.
Sigmund zaps a wand.
The bolt of dispelling energy hits you.
You hit Sigmund.
Sigmund is lightly wounded.
The goblin shoots a sling bullet.
The sling bullet hits you but does no damage.
Sigmund gestures at you while chanting. The puff of flame hits you!
* * * LOW HITPOINT WARNING * * *
The goblin shoots a sling bullet.
The sling bullet hits you.
* * * LOW HITPOINT WARNING * * *
You sock Sigmund!
Sigmund is heavily wounded.
Sigmund casts a spell at you.
You are confused.
Sigmund hits you with a +0 scythe!
You die...

.. .#.#####..##..........
#.(##........##..........
#....###.#####.)........
#....^#..# ##.........
#....## ##.......... .#
#.#..#####...########
..g#......##..>.#
##......#.##....#
.......@........#
......=.@##.....#####
.........<(....>.....
$...............#####
####.###..........# #.
##.......#...# #.
....#.....###..
#.##.####..# . # ..# ..#


You could see Sigmund and a goblin.

Vanquished Creatures
  Robin (D:1)
  2 adders (D:1)
  3 bats (D:1)
  3 endoplasms
  3 giant cockroaches (D:1)
  12 goblins
  6 hobgoblins
  3 kobolds (D:1)
  A quokka (D:1)
  4 ball pythons (D:1)
  A frilled lizard (D:1)
  A rat (D:1)
40 creatures vanquished.

Notes
Turn   | Place    | Note
-------+----------+-------------------------------------------
     0 | D:1      | fantasyman the Formicid Fighter began the quest for the
                  | Orb.
     0 | D:1      | Reached XP level 1. HP: 18/18 MP: 1/1
    65 | D:1      | Reached XP level 2. HP: 24/24 MP: 2/2
   496 | D:1      | Reached XP level 3. HP: 27/29 MP: 3/3
  1004 | D:1      | Reached XP level 4. HP: 31/37 MP: 4/4
  1041 | D:2      | Noticed Robin
  1439 | D:1      | Killed Robin
  1940 | D:2      | Noticed Sigmund
  2375 | D:2      | Slain by Sigmund

Illustrated notes

Levels and vault maps discovered:
D:1:      giann_horns, layout_basic, minmay_tripent
D:2:      layout_rooms, uniq_sigmund, uniq_robin

Skill      XL: |  1  2  3  4 |
---------------+-------------+-----
Armour         | 4 |  4.3
Fighting       | 4 |  4.0
Maces & Flails | |  2.0
Shields        | |  4.9

Action                   |  1- 3 |  4- 6 || total
-------------------------+-------+-------++-------
Melee: Flail             |    66 |    30 ||    96
       Mace              |       |    11 ||    11
  Use: Scroll            |       |     8 ||     8
       Potion            |       |     2 ||     2
Armor: Scale mail        |    40 |    30 ||    70
Dodge: Dodged            |    51 |    35 ||    86
Block: Buckler           |    29 |    22 ||    51
